FCL
FCL CHICAGO (N) CUBS @ FCL TORONTO BLUE JAYS
05/25/2042
 
TOP OF THE 1ST
FCL Chicago (N) Cubs batting - Pitching for FCL Toronto Blue Jays : RHP Jorge Reyna
Pitching: RHP Jorge Reyna
Batting: RHB José Valdés 0-0: Ball
1-0: Fly out, F3 (Line Drive, 3, EV 63.8 MPH)
Batting: LHB Luis Soto 0-0: Ball
1-0: Ball
2-0: Called Strike
2-1: Ball
3-1: Swinging Strike
3-2: Base on Balls
Batting: LHB Víctor Rodríguez 0-0: Foul Ball, location: 7LDF
0-1: Foul Ball, location: 5SF
0-2: Ball
1-2: Ball
2-2: Strikes out looking
Batting: RHB Bernardo Camacho 0-0: Ball
1-0: Called Strike
1-1: Ball
2-1: Foul Ball, location: 3F
2-2: Strikes out swinging
Top of the 1st over - 0 runs, 0 hits, 0 errors, 1 left on base; FCL Chicago (N) 0 - FCL Toronto 0
BOTTOM OF THE 1ST
FCL Toronto Blue Jays batting - Pitching for FCL Chicago (N) Cubs : LHP Dave Hill
Pitching: LHP Dave Hill
Batting: RHB Josh Carr 0-0: Ball
1-0: Fly out, F6 (Line Drive, 56D, EV 64.4 MPH)
Batting: RHB Ronnie Wallace 0-0: Called Strike
0-1: Foul Ball, location: 25F
0-2: Strikes out swinging
Batting: LHB Ismael Montufar 0-0: Ball
1-0: Called Strike
1-1: Swinging Strike
1-2: Strikes out swinging
Bottom of the 1st over - 0 runs, 0 hits, 0 errors, 0 left on base; FCL Chicago (N) 0 - FCL Toronto 0
TOP OF THE 2ND
FCL Chicago (N) Cubs batting - Pitching for FCL Toronto Blue Jays : RHP Jorge Reyna
Batting: LHB António Rodríguez 0-0: Called Strike
0-1: Called Strike
0-2: Strikes out swinging
Batting: RHB Omar Corona 0-0: Called Strike
0-1: Ground out 4-3 (Groundball, 4M, EV 81.9 MPH)
Batting: RHB Juan Rodríguez 0-0: Foul Ball, location: 5FF
0-1: Fly out, F8 (Flyball, 8LD, EV 88.8 MPH)
Top of the 2nd over - 0 runs, 0 hits, 0 errors, 0 left on base; FCL Chicago (N) 0 - FCL Toronto 0
BOTTOM OF THE 2ND
FCL Toronto Blue Jays batting - Pitching for FCL Chicago (N) Cubs : LHP Dave Hill
Batting: SHB Anastasio Ramírez 0-0: Called Strike
0-1: Swinging Strike
0-2: Ball
1-2: Strikes out swinging
Batting: RHB Jeff Lane 0-0: Ball
1-0: Ball
2-0: Ball
3-0: Base on Balls
Batting: RHB Ed Green 0-0: Ball
1-0: Swinging Strike
1-1: Ball
2-1: Called Strike
2-2: Strikes out swinging
Batting: RHB Gustavo Tramacchi 0-0: Called Strike
0-1: Fielders Choice at 2nd, 5-4 (Groundball, 5, EV 83.1 MPH)
Bottom of the 2nd over - 0 runs, 0 hits, 0 errors, 1 left on base; FCL Chicago (N) 0 - FCL Toronto 0
TOP OF THE 3RD
FCL Chicago (N) Cubs batting - Pitching for FCL Toronto Blue Jays : RHP Jorge Reyna
Pitching: RHP Joe Robinson
Batting: LHB Juan Flores 0-0: Foul Ball, location: 5F
0-1: Foul Ball, location: 2F
0-2: Ball
1-2: Strikes out swinging
Batting: RHB Jim Unknown 0-0: Called Strike
0-1: Called Strike
0-2: Strikes out swinging
Batting: RHB José Valdés 0-0: Ball
1-0: Ball
2-0: Called Strike
2-1: Ball
3-1: Foul Ball, location: 9LSF
3-2: Fly out, F6 (Popup, 6MD, EV 62.5 MPH)
Top of the 3rd over - 0 runs, 0 hits, 0 errors, 0 left on base; FCL Chicago (N) 0 - FCL Toronto 0
BOTTOM OF THE 3RD
FCL Toronto Blue Jays batting - Pitching for FCL Chicago (N) Cubs : LHP Dave Hill
Batting: RHB Aurelio Gálvez 0-0: Ball
1-0: TRIPLE (Flyball, 78XD, EV 90.0 MPH)
Batting: RHB Tim O'Collins 0-0: Called Strike
0-1: Ball
1-1: Foul Ball, location: 7LMF
1-2: Ball
2-2: Ground out 4-3 (Groundball, 4, EV 103.1 MPH)
Batting: RHB Josh Carr 0-0: Foul Ball, location: 7LDF
0-1: Swinging Strike
0-2: Strikes out swinging
Batting: RHB Ronnie Wallace 0-0: Ball
1-0: Foul Ball, location: 2F
1-1: Foul Ball, location: 2LF
1-2: Foul Ball, location: 9LMF
1-2: Ball
2-2: Strikes out swinging
Bottom of the 3rd over - 0 runs, 1 hit, 0 errors, 1 left on base; FCL Chicago (N) 0 - FCL Toronto 0
TOP OF THE 4TH
FCL Chicago (N) Cubs batting - Pitching for FCL Toronto Blue Jays : RHP Joe Robinson
Batting: LHB Luis Soto 0-0: Ball
1-0: Ball
2-0: Foul Ball, location: 2F
2-1: Ground out 4-3 (Groundball, 34, EV 68.1 MPH)
Batting: LHB Víctor Rodríguez 0-0: Called Strike
0-1: Ball
1-1: Called Strike
1-2: Ball
2-2: Strikes out swinging
Batting: RHB Bernardo Camacho 0-0: Called Strike
0-1: Called Strike
0-2: Foul Ball, location: 2F
0-2: Strikes out swinging
Top of the 4th over - 0 runs, 0 hits, 0 errors, 0 left on base; FCL Chicago (N) 0 - FCL Toronto 0
BOTTOM OF THE 4TH
FCL Toronto Blue Jays batting - Pitching for FCL Chicago (N) Cubs : LHP Dave Hill
Batting: LHB Ismael Montufar 0-0: Called Strike
0-1: Swinging Strike
0-2: Strikes out swinging
Pitching: RHP Jim Unknown
Batting: SHB Anastasio Ramírez 0-0: Ball
1-0: Ball
2-0: Called Strike
2-1: Ball
3-1: Base on Balls
Batting: RHB Jeff Lane 0-0: Called Strike
0-1: Called Strike
0-2: DOUBLE (Groundball, 5L, EV 95.0 MPH)
Anastasio Ramírez to third
Runner from 3rd tries for Home, SAFE, throw by LF to home
Batting: RHB Ed Green 0-0: Foul Ball, location: 2F
0-1: Ball
1-1: Foul Ball, location: 9LSF
1-2: Foul Ball, location: 2F
1-2: Strikes out swinging
Batting: RHB Gustavo Tramacchi 0-0: Ball
1-0: Ball
2-0: Called Strike
2-1: Called Strike
2-2: DOUBLE (Flyball, 9LM, EV 110.6 MPH)
Jeff Lane scores
Batting: RHB Aurelio Gálvez 0-0: Called Strike
0-1: Ball
1-1: Swinging Strike
1-2: Foul Ball, location: 5FF
1-2: Strikes out swinging
Bottom of the 4th over - 2 runs, 2 hits, 0 errors, 1 left on base; FCL Chicago (N) 0 - FCL Toronto 2
TOP OF THE 5TH
FCL Chicago (N) Cubs batting - Pitching for FCL Toronto Blue Jays : RHP Joe Robinson
Batting: LHB António Rodríguez 0-0: Called Strike
0-1: Ball
1-1: Swinging Strike
1-2: Ball
2-2: Strikes out swinging
Batting: RHB Omar Corona 0-0: Ground out 5-3 (Groundball, 56S, EV 90.6 MPH)
Batting: RHB Juan Rodríguez 0-0: Ball
1-0: Ball
2-0: Foul Ball, location: 3FF
2-1: Ground out 5-3 (Groundball, 56S, EV 90.6 MPH)
Top of the 5th over - 0 runs, 0 hits, 0 errors, 0 left on base; FCL Chicago (N) 0 - FCL Toronto 2
BOTTOM OF THE 5TH
FCL Toronto Blue Jays batting - Pitching for FCL Chicago (N) Cubs : RHP Jim Unknown
Batting: RHB Tim O'Collins 0-0: Called Strike
0-1: Foul Ball, location: 2F
0-2: Foul Ball, location: 2F
0-2: SINGLE (Groundball, 4MD, EV 98.8 MPH)
Batting: RHB Josh Carr 0-0: Sac Bunt to 15S - play at first, batter OUT! 1-3
Tim O'Collins to second
Batting: RHB Ronnie Wallace 0-0: Ball
1-0: Called Strike
1-1: Swinging Strike
1-2: Ball
2-2: Ball
3-2: Strikes out swinging
Batting: LHB Ismael Montufar 0-0: Ball
1-0: Ground out 2-3 (Groundball, 2L, EV 69.4 MPH)
Bottom of the 5th over - 0 runs, 1 hit, 0 errors, 1 left on base; FCL Chicago (N) 0 - FCL Toronto 2
TOP OF THE 6TH
FCL Chicago (N) Cubs batting - Pitching for FCL Toronto Blue Jays : RHP Joe Robinson
Batting: LHB Juan Flores 0-0: Ball
1-0: Ball
2-0: Ground out 4-3 (Groundball, 4, EV 83.8 MPH)
Batting: RHB Jim Unknown 0-0: Ball
1-0: Called Strike
1-1: Fly out, F8 (Line Drive, 8LM, EV 103.8 MPH)
Batting: RHB José Valdés 0-0: Ball
1-0: Fly out, F8 (Flyball, 8LD, EV 88.8 MPH)
Top of the 6th over - 0 runs, 0 hits, 0 errors, 0 left on base; FCL Chicago (N) 0 - FCL Toronto 2
BOTTOM OF THE 6TH
FCL Toronto Blue Jays batting - Pitching for FCL Chicago (N) Cubs : RHP Jim Unknown
Batting: SHB Anastasio Ramírez 0-0: Called Strike
0-1: Swinging Strike
0-2: Ball
1-2: Ball
2-2: Strikes out swinging
Batting: RHB Jeff Lane 0-0: Called Strike
0-1: Swinging Strike
0-2: Ball
1-2: Strikes out swinging
Batting: RHB Ed Green 0-0: Called Strike
0-1: Called Strike
0-2: Foul Ball, location: 5F
0-2: Ball
1-2: Strikes out swinging
Bottom of the 6th over - 0 runs, 0 hits, 0 errors, 0 left on base; FCL Chicago (N) 0 - FCL Toronto 2
TOP OF THE 7TH
FCL Chicago (N) Cubs batting - Pitching for FCL Toronto Blue Jays : RHP Joe Robinson
Batting: LHB Luis Soto 0-0: Ball
1-0: Ground out 4-3 (Groundball, 4, EV 105.0 MPH)
Batting: LHB Víctor Rodríguez 0-0: Called Strike
0-1: Swinging Strike
0-2: Strikes out swinging
Batting: RHB Bernardo Camacho 0-0: Ball
1-0: Called Strike
1-1: Swinging Strike
1-2: Strikes out looking
Top of the 7th over - 0 runs, 0 hits, 0 errors, 0 left on base; FCL Chicago (N) 0 - FCL Toronto 2
BOTTOM OF THE 7TH
FCL Toronto Blue Jays batting - Pitching for FCL Chicago (N) Cubs : RHP Jim Unknown
Pitching: RHP Jim Unknown
Batting: RHB Gustavo Tramacchi 0-0: Fly out, F8 (Flyball, 78M, EV 95.6 MPH)
Batting: RHB Aurelio Gálvez 0-0: Ball
1-0: Ball
2-0: SOLO HOME RUN (Flyball, 78XD, EV 103.8 MPH), Distance : 401 ft
Batting: RHB Tim O'Collins 0-0: Called Strike
0-1: Called Strike
0-2: Strikes out swinging
Batting: RHB Josh Carr 0-0: Swinging Strike
0-1: Ball
1-1: Ball
2-1: Ball
3-1: Ground out 5-3 (Groundball, 5, EV 88.8 MPH)
Bottom of the 7th over - 1 run, 1 hit, 0 errors, 0 left on base; FCL Chicago (N) 0 - FCL Toronto 3
TOP OF THE 8TH
FCL Chicago (N) Cubs batting - Pitching for FCL Toronto Blue Jays : RHP Joe Robinson
Batting: LHB António Rodríguez 0-0: Ball
1-0: Fly out, F7 (Flyball, 7S, EV 77.5 MPH)
Pinch Hitting: RHB Jim Unknown 0-0: Fly out, F9 (Flyball, 9D, EV 111.3 MPH)
Pinch Hitting: RHB Jim Unknown 0-0: Ball
1-0: Swinging Strike
1-1: Ground out 4-3 (Groundball, 4, EV 76.3 MPH)
Top of the 8th over - 0 runs, 0 hits, 0 errors, 0 left on base; FCL Chicago (N) 0 - FCL Toronto 3
BOTTOM OF THE 8TH
FCL Toronto Blue Jays batting - Pitching for FCL Chicago (N) Cubs : RHP Jim Unknown
Now at 1B: Jim Unknown
Now in LF: António Rodríguez
Now in CF: Jim Unknown
Now in RF: Víctor Rodríguez
Batting: RHB Ronnie Wallace 0-0: Swinging Strike
0-1: Foul Ball, location: 9LMF
0-2: Foul Ball, location: 9LMF
0-2: Foul Ball, location: 23FF
0-2: Ball
1-2: Foul Ball, location: 9LMF
1-2: Strikes out swinging
Batting: LHB Ismael Montufar 0-0: Called Strike
0-1: Foul Ball, location: 2F
0-2: Strikes out swinging
Batting: SHB Anastasio Ramírez 0-0: Called Strike
0-1: Called Strike
0-2: Ball
1-2: Foul Ball, location: 3F
1-2: Strikes out swinging
Bottom of the 8th over - 0 runs, 0 hits, 0 errors, 0 left on base; FCL Chicago (N) 0 - FCL Toronto 3
TOP OF THE 9TH
FCL Chicago (N) Cubs batting - Pitching for FCL Toronto Blue Jays : RHP Joe Robinson
Batting: LHB Jim Unknown 0-0: Reached on error, E4 (Groundball, 4S, EV 87.5 MPH)
Pinch Hitting: RHB Jim Unknown 0-0: Called Strike
0-1: Ball
1-1: Ball
2-1: Ball
3-1: Base on Balls
Jim Unknown to second
Batting: RHB José Valdés 0-0: Ball
1-0: Ball
2-0: Foul Ball, location: 5FF
2-1: Grounds into double play, 5-4-3 (Groundball, 56, EV 88.1 MPH)
Jim Unknown to third
Batting: LHB Luis Soto 0-0: Called Strike
0-1: Ball
1-1: Ball
2-1: Foul Ball, location: 3F
2-2: Ball
3-2: 2-RUN HOME RUN (Line Drive, 9LD, EV 96.3 MPH), Distance : 353 ft
Pitching: RHP César Meléndez
Batting: LHB Víctor Rodríguez 0-0: Foul Ball, location: 7LDF
0-1: Fly out, F8 (Flyball, 8RD, EV 104.4 MPH)
Top of the 9th over - 2 runs, 1 hit, 1 error, 0 left on base; FCL Chicago (N) 2 - FCL Toronto 3
Wednesday, May 1st , 2024 - OOTP Baseball 24.10 Build 82